 Dungeon Crawl Stone Soup version 0.22.0-38-g04b72b8 (webtiles) character file.

32091 Terandir the Carver (level 13, -4/114 HPs)
             Began as a Minotaur Fighter on Aug 26, 2018.
             Was the Champion of Cheibriados.
             Killed from afar by a battlesphere (7 damage)
             ... created by a tengu reaver
             ... on level 12 of the Dungeon.
             The game lasted 00:26:44 (13677 turns).

Terandir the Carver (Minotaur Fighter)             Turns: 13677, Time: 00:26:44

Health: -4/114     AC: 13    Str: 46    XL:     13   Next: 29%
Magic:  0/8        EV: 21    Int: 23    God:    Cheibriados [******]
Gold:   571        SH: 26    Dex: 30    Spells: 12/12 levels left

rFire    . . .     SeeInvis .   J - +7 long sword
rCold    . . .     Gourm    .   S - +0 large shield
rNeg     . . .     Faith    .   b - +0 scale mail
rPois    +         Spirit   +   (helmet restricted)
rElec    .         Reflect  .   (no cloak)
rCorr    .         Harm     .   K - +2 pair of gloves "Ulour" {rPois MP-9 Str+6}
MR       .....                  I - +0 pair of boots
Stlth    +.........             o - amulet of guardian spirit
HPRegen  0.29/turn              P - +4 ring of evasion
MPRegen  0.11/turn              E - ring of Egohunk Yzer {Str+4 Int+3}

@: very slow
A: retaliatory headbutt, horns 2
a: Bend Time, Temporal Distortion, Slouch, Step From Time, Renounce Religion


You were on level 12 of the Dungeon.
You worshipped Cheibriados.
Cheibriados was exalted by your worship.
You were hungry.

You visited 2 branches of the dungeon, and saw 15 of its levels.
You also visited: Bailey.

You collected 1416 gold pieces.
You spent 845 gold pieces at shops.

Inventory:

Hand Weapons
 a - a +0 long sword
 J - a +7 long sword (weapon)
Armour
 b - a +0 scale mail (worn)
 c - a +0 shield
 u - a +0 pair of gloves
 I - a +0 pair of boots (worn)
 K - the +2 pair of gloves "Ulour" (worn) {rPois MP-9 Str+6}
   (You bought it in a shop on level 5 of the Dungeon)

   It affects your strength (+6).
   It protects you from poison.
   It affects your magic capacity (-9).
 S - a +0 large shield (worn)
Jewellery
 n - an uncursed ring of protection from magic
 o - an amulet of guardian spirit (around neck)
 r - an uncursed ring of stealth
 t - an uncursed ring of wizardry
 E - the ring of Egohunk Yzer (right hand) {Str+4 Int+3}
   (You found it on level 5 of the Dungeon)

   [ring of intelligence]

   It affects your strength (+4).
   It affects your intelligence (+3).
 P - a +4 ring of evasion (left hand)
 T - an uncursed ring of flight
Wands
 d - a wand of enslavement (10)
 p - a wand of paralysis (9)
 q - a wand of digging (8)
 v - a wand of flame (88)
 H - a wand of acid (4)
Scrolls
 e - 2 scrolls of amnesia
 h - a scroll of silence {unknown}
 k - 2 scrolls of blinking
 w - a scroll of summoning {unknown}
 x - 5 scrolls of remove curse
 y - 9 scrolls of teleportation
 z - 4 scrolls of random uselessness
 A - 4 scrolls of immolation
 L - 2 scrolls of noise
 N - 2 scrolls of fog {unknown}
 O - a scroll of enchant armour {unknown}
 U - 5 scrolls of identify
 V - a scroll of fear
 W - a scroll of vulnerability
 X - a scroll of magic mapping
Potions
 g - 3 potions of curing
 i - 7 potions of degeneration
 j - 6 potions of lignification
 l - a potion of resistance
 m - a potion of brilliance
 s - 4 potions of haste
 B - 3 potions of berserk rage
 C - 2 potions of agility
 D - 2 potions of might
 F - 4 potions of heal wounds
 G - a potion of invisibility
 M - a potion of flight
 Q - 2 potions of mutation
 R - 2 potions of cancellation {unknown}
Comestibles
 f - 30 rations


   Skills:
 * Level 10.3 Fighting
 * Level 14.2 Long Blades
 * Level 10.8 Armour
 * Level 8.0 Dodging
 * Level 14.2 Shields
 * Level 6.9 Invocations


You had 12 spell levels left.
You didn't know any spells.
Your spell library contained the following spells:

 Spells                   Type           Power        Failure   Level  Hunger
 Animate Skeleton         Necr           N/A          67%         1    ##.....
 Apportation              Tloc           #.....       67%         1    ##.....
 Confusing Touch          Hex            #.....       67%         1    ##.....
 Flame Tongue             Conj/Fire      #....        67%         1    ##.....
 Shock                    Conj/Air       #...         67%         1    ##.....
 Summon Small Mammal      Summ           #...         67%         1    ##.....
 Swiftness                Chrm/Air       #.......     80%         2    ###....
 Throw Flame              Conj/Fire      #.....       80%         2    ###....
 Conjure Flame            Conj/Fire      #.......     95%         3    ####...
 Inner Flame              Hex/Fire       #.......     95%         3    ####...
 Static Discharge         Conj/Air       #.......     95%         3    ####...
 Airstrike                Air            #.........   100%        4    #####..
 Sticky Flame             Conj/Fire      #.......     100%        4    #####..
 Fireball                 Conj/Fire      #.........   100%        5    ######.
 Lightning Bolt           Conj/Air       #.........   100%        5    ######.


Dungeon Overview and Level Annotations

Branches:
Dungeon (14/15)            Temple (1/1) D:4            Lair (0/6) D:11
    Orc (0/2) D:10         Vaults (0/5) D:13

Altars:
Ashenzari
Cheibriados
Dithmenos
Elyvilon
Fedhas
Gozag
Hepliaklqana
Kikubaaqudgha
Makhleb
Nemelex Xobeh
Okawaru
Qazlal
Ru
Sif Muna
Trog
Uskayaw
Vehumet
Wu Jian
Xom
Yredelemnul
Zin
The Shining One

Shops:
D:5 !?[(


Innate Abilities, Weirdness & Mutations

You reflexively headbutt those who attack you in melee.
You have a pair of horns on your head.


Message History

You block the tengu reaver's attack.
Unknown command.
You slice the tengu reaver!!
The tengu reaver is moderately wounded.
The yaktaur captain shoots a bolt.
You block the bolt.
Unknown command.
You slash the tengu reaver! You headbutt the tengu reaver!
The tengu reaver is heavily wounded.
You block the tengu reaver's attack. x2
The tengu reaver completely misses you.
You barely miss the tengu reaver. You headbutt the tengu reaver!!
The tengu reaver is severely wounded.
The yaktaur captain shoots a bolt.
You block the bolt.
You closely miss the tengu reaver.
The tengu reaver is severely wounded.
The tengu reaver points at you and mumbles some strange words.
The bolt of poison hits you! You resist.
* * * LOW HITPOINT WARNING * * *
The battlesphere fires!
The barrage of energy hits you!
You die...

##.#...#)#.#####..
#.#.....#.##
##..####### ##.#
[[. #.# ..## #.#
...# #.##C.##
#.#Q*c.# ##.@#
#.....# #######


You could see a frost giant, a tengu reaver, a yaktaur captain and a
battlesphere.

Vanquished Creatures
  A yaktaur captain (D:12)
  3 hydras
  2 vault guards (D:13)
  4 centaur warriors
  An ogre mage (D:12)
  2 two-headed ogres
  An unseen horror (D:12)
  A wizard (D:13)
  A necromancer (D:13)
  14 ugly things
  3 slime creatures (D:14)
  2 manticores
  2 cyclopes
  Joseph (D:8)
  A troll (D:12)
  A shapeshifter (D:12)
  A vampire (D:12)
  5 yaks (D:12)
  2 shadows
  3 wyverns
  20 humans (D:13)
  2 hungry ghosts (D:13)
  3 vampire mosquitoes (D:13)
  Menkaure (D:4)
  Edmund (D:5)
  2 acid dragons (D:14)
  2 sky beasts
  6 ice beasts
  11 orc warriors
  A phantom (D:11)
  7 ogres
  A black bear (D:9)
  An eye of draining (D:14)
  17 centaurs
  5 big kobolds
  Blork the orc (D:4)
  9 bullfrogs
  A water moccasin zombie (D:10)
  A wyvern skeleton (D:10)
  11 killer bees
  3 scorpions (D:8)
  14 wights
  5 howler monkeys
  5 crimson imps
  3 centaur zombies
  A bullfrog zombie (D:11)
  2 quasits
  4 hounds
  8 orc wizards
  3 orc priests
  3 centaur skeletons
  2 jellies
  2 bullfrog skeletons
  3 iguanas
  7 worker ants
  2 hound zombies
  A hound skeleton (D:6)
  5 gnolls
  2 howler monkey skeletons
  5 adders
  6 shadow imps
  An ooze (D:2)
  2 worms
  3 dart slugs (D:1)
  10 leopard geckos
  36 orcs
  10 bats
  7 giant cockroaches
  23 hobgoblins
  2 jackals (D:7)
  31 kobolds
  6 quokkas
  2 ball pythons
  3 frilled lizards
  12 goblins
  A jackal zombie (D:5)
  2 leopard gecko skeletons
  A quokka skeleton (D:5)
  6 rats
398 creatures vanquished.

Vanquished Creatures (others)
  A hound (D:11)
1 creature vanquished.

Grand Total: 399 creatures vanquished

Notes
Turn   | Place    | Note
-------+----------+-------------------------------------------
     0 | D:1      | Terandir the Minotaur Fighter began the quest for the Orb.
     0 | D:1      | Reached XP level 1. HP: 19/19 MP: 0/0
   116 | D:1      | Reached XP level 2. HP: 27/27 MP: 1/1
   337 | D:1      | Reached XP level 3. HP: 33/33 MP: 2/2
   732 | D:2      | You fall through a shaft for 2 floors!
   739 | D:4      | Reached skill level 1 in Dodging
   739 | D:4      | Reached XP level 4. HP: 39/40 MP: 3/3
   744 | D:3      | Found a white marble altar of Elyvilon.
   817 | D:3      | Found a bloodstained altar of Trog.
   949 | D:3      | Found a hide-covered altar of Uskayaw.
  1376 | D:2      | Reached XP level 5. HP: 44/46 MP: 4/4
  1473 | D:2      | Found an iron altar of Okawaru.
  1502 | D:2      | Found a transporter.
  1508 | D:2      | Found a transporter.
  1508 | D:2      | Noticed an ogre
  1509 | D:2      | Noticed a wyvern
  1513 | D:2      | Found a blossoming altar of Fedhas.
  1515 | D:2      | Killed a wyvern
  1515 | D:2      | Reached skill level 5 in Shields
  1515 | D:2      | Reached XP level 6. HP: 36/53 MP: 5/5
  1519 | D:2      | Reached skill level 5 in Long Blades
  1715 | D:2      | Found a faded altar of an unknown god.
  1889 | D:2      | Found a bloodstained altar of Trog.
  1957 | D:3      | Found a hazy altar of Hepliaklqana.
  1969 | D:3      | Found a radiant altar of Vehumet.
  2017 | D:3      | Reached skill level 5 in Armour
  2422 | D:4      | Found a bloodstained altar of Trog.
  2485 | D:4      | Reached XP level 7. HP: 60/60 MP: 6/6
  2582 | D:4      | Found a deep blue altar of Sif Muna.
  2988 | D:4      | Noticed Blork the orc
  2995 | D:4      | Killed Blork the orc
  2995 | D:4      | Reached skill level 5 in Fighting
  3100 | D:4      | Found a staircase to the Ecumenical Temple.
  3105 | Temple   | Entered the Ecumenical Temple
  3141 | Temple   | Became a worshipper of Cheibriados the Contemplative
  3499 | D:4      | Noticed Menkaure
  3507 | D:4      | Killed Menkaure
  3903 | D:5      | Entered Level 5 of the Dungeon
  3954 | D:5      | Found Baraisch's Distillery.
  3971 | D:5      | Bought a potion of lignification for 42 gold pieces
  3971 | D:5      | Bought a potion of brilliance for 56 gold pieces
  3971 | D:5      | Bought a potion of berserk rage for 70 gold pieces
  3971 | D:5      | Bought a potion of agility for 56 gold pieces
  3971 | D:5      | Bought a potion of might for 56 gold pieces
  3971 | D:5      | Bought a potion of curing for 42 gold pieces
  3988 | D:5      | Got a crude granite ring
  3990 | D:5      | Identified the ring of Egohunk Yzer {Str+4 Int+3} (You found it on level 5 of the Dungeon)
  4137 | D:5      | Reached skill level 1 in Invocations
  4137 | D:5      | Reached XP level 8. HP: 20/68 MP: 0/7
  4370 | D:5      | Found Angicuci's Armour Boutique.
  4371 | D:5      | Found Yvuqutt's Magic Scroll Boutique.
  4452 | D:5      | Noticed Edmund
  4463 | D:5      | Killed Edmund
  4617 | D:5      | Found Batixzuro's Antique Weapon Shoppe.
  5719 | D:7      | Reached * piety under Cheibriados
  5824 | D:7      | Reached XP level 9. HP: 19/75 MP: 4/9
  6388 | D:7      | Found a shattered altar of Ashenzari.
  6505 | D:7      | Found an opulent altar of Gozag.
  6541 | D:7      | Reached ** piety under Cheibriados
  6755 | D:5      | Bought the +2 pair of gloves "Ulour" {rPois MP-9 Str+6} for 213 gold pieces
  6759 | D:5      | Bought a scroll of noise for 10 gold pieces
  6759 | D:5      | Bought a scroll of teleportation for 30 gold pieces
  6926 | D:8      | Noticed Joseph
  6940 | D:8      | Killed Joseph
  7199 | D:8      | Reached skill level 10 in Long Blades
  7300 | D:8      | Found a shimmering altar of Xom.
  7654 | D:9      | Noticed a two-headed ogre
  7660 | D:9      | Killed a two-headed ogre
  7660 | D:9      | Reached XP level 10. HP: 68/86 MP: 2/11
  8083 | D:9      | Found a burning altar of Makhleb.
  8419 | D:9      | Reached skill level 5 in Dodging
  8420 | D:9      | Reached *** piety under Cheibriados
  8424 | D:9      | Found a stormy altar of Qazlal.
  8642 | D:10     | Entered Level 10 of the Dungeon
  8942 | D:10     | Found a staircase to the Orcish Mines.
  9402 | D:11     | Noticed a cyan ugly thing
  9414 | D:11     | Killed a cyan ugly thing
  9414 | D:11     | Reached **** piety under Cheibriados
  9477 | D:11     | Noticed a manticore
  9478 | D:11     | Found a flagged portal.
  9482 | D:11     | Killed a manticore
  9495 | D:11     | Noticed a cyclops
  9506 | D:11     | Killed a cyclops
  9562 | Bailey   | Entered a bailey
  9770 | Bailey   | Reached XP level 11. HP: 86/94 MP: 2/13
  9891 | Bailey   | Reached skill level 10 in Shields
  9916 | Bailey   | Reached ***** piety under Cheibriados
 10102 | D:11     | You fall through a shaft for 3 floors!
 10102 | D:14     | Noticed a centaur warrior
 10112 | D:14     | Killed a centaur warrior
 10231 | D:14     | Noticed a five-headed hydra
 10242 | D:14     | Killed a nine-headed hydra
 10402 | D:14     | Noticed a centaur warrior
 10413 | D:14     | Killed a centaur warrior
 10413 | D:14     | Reached skill level 5 in Invocations
 10643 | D:14     | Noticed a green ugly thing
 10643 | D:14     | Noticed a green ugly thing
 10643 | D:14     | Noticed a green ugly thing
 10643 | D:14     | Noticed a green ugly thing
 10644 | D:14     | Noticed a green ugly thing
 10650 | D:14     | Killed a red ugly thing
 10655 | D:14     | Killed a green ugly thing
 10661 | D:14     | Killed a green ugly thing
 10665 | D:14     | Killed a red ugly thing
 10670 | D:14     | Killed a red ugly thing
 10790 | D:14     | Noticed a purple ugly thing
 10791 | D:14     | Noticed a purple ugly thing
 10791 | D:14     | Noticed a purple ugly thing
 10791 | D:14     | Noticed a purple ugly thing
 10792 | D:14     | Noticed a purple ugly thing
 10798 | D:14     | Killed a purple ugly thing
 10803 | D:14     | Killed a purple ugly thing
 10803 | D:14     | Reached XP level 12. HP: 72/104 MP: 2/15
 11238 | D:13     | Reached skill level 10 in Armour
 11251 | D:13     | Reached ****** piety under Cheibriados
 11262 | D:13     | Found a gate to the Vaults.
 11262 | D:13     | Noticed a vault guard
 11262 | D:13     | Noticed a vault guard
 11271 | D:13     | Killed a vault guard
 11279 | D:13     | Killed a vault guard
 11690 | D:13     | Noticed a seven-headed hydra
 11700 | D:13     | Killed an 11-headed hydra
 11996 | D:13     | Noticed a centaur warrior
 12003 | D:13     | Killed a centaur warrior
 12111 | D:11     | Found a staircase to the Lair.
 12727 | D:5      | Bought a scroll of teleportation for 30 gold pieces
 12727 | D:5      | Bought a scroll of vulnerability for 75 gold pieces
 12727 | D:5      | Bought a scroll of teleportation for 30 gold pieces
 12727 | D:5      | Bought 3 scrolls of identify for 60 gold pieces
 12727 | D:5      | Bought a scroll of immolation for 35 gold pieces
 12727 | D:5      | Bought a scroll of teleportation for 30 gold pieces
 12727 | D:5      | Bought a scroll of random uselessness for 10 gold pieces
 12965 | D:12     | Reached skill level 10 in Fighting
 13089 | D:12     | Reached XP level 13. HP: 101/113 MP: 7/16
 13667 | D:12     | Noticed a frost giant
 13667 | D:12     | Noticed a tengu reaver
 13677 | D:12     | HP: 3/114 [tengu reaver/bolt of poison (9)]
 13677 | D:12     | Killed from afar by a battlesphere

Skill      XL: |  1  2  3  4  5  6  7  8  9 10 11 12 13 |
---------------+----------------------------------------+-----
Shields        | 4 5 6 7 8 9 11 13 14 | 14.2
Fighting       | 4 5 6 7 9 10 | 10.3
Armour         | 4 5 7 8 9 10 | 10.8
Long Blades    | 3 4 5 7 8 10 11 12 13 14 | 14.2
Dodging        | 1 2 3 4 5 6 7 8 |  8.0
Invocations    | 1 2 3 4 5 6 |  6.9

Action                   |  1- 3 |  4- 6 |  7- 9 | 10-12 | 13-15 || total
-------------------------+-------+-------+-------+-------+-------++-------
Melee: Long sword        |    70 |   149 |   276 |   456 |    66 ||  1017
       Headbutt          |     7 |    20 |    81 |   182 |    24 ||   314
 Abil: Evoke Flight      |       |       |       |     1 |       ||     1
Evoke: Wand              |       |       |       |     8 |     3 ||    11
  Use: Scroll            |     1 |       |    10 |     6 |       ||    17
       Potion            |       |     2 |       |       |       ||     2
  Eat: Chunk             |       |     5 |     8 |     8 |     2 ||    23
       Ration            |       |       |     2 |       |       ||     2
Armor: Scale mail        |    31 |    62 |    67 |    83 |     6 ||   249
Dodge: Dodged            |    21 |    60 |    90 |   231 |    43 ||   445
Block: Shield            |    40 |   103 |   143 |    46 |       ||   332
       Large shield      |       |       |       |   565 |    99 ||   664
       Rpst.: Long sword |     7 |    13 |    25 |    41 |     3 ||    89
